 Dungeon Crawl Stone Soup version 0.28.0-53-g5a82cb258f (webtiles) character file.

Game seed: 1982736049677896812

2832 firemarshallily the Fighter (level 9, -3/75 HPs)
             Began as a Demonspawn Gladiator on June 9, 2022.
             Was an Initiate of Ashenzari.
             Slain by a vampire (7 damage)
             ... on level 9 of the Dungeon.
             The game lasted 00:25:51 (6848 turns).

firemarshallily the Fighter (Demonspawn Gladiator)  Turns: 6848, Time: 00:25:52

Health: -3/75      AC: 17    Str: 20    XL:     9   Next: 45%
Magic:  9/9        EV: 13    Int: 10    God:    Ashenzari [......]
Gold:   1731       SH:  5    Dex: 12    Spells: 6/8 levels left

rFire   x . .      SeeInvis .   A - +9 falchion of Expedience {vorpal, rC+}
rCold   + + +      Faith    .   (no shield)
rNeg    . . .      Spirit   .   o - +2 ring mail {Will+}
rPois   +          Reflect  +   (helmet restricted)
rElec   .          Harm     .   s - +2 cloak
rCorr   +          Rampage  .   G - +3 pair of gloves of Soafokk {Contam Fly rPois Dex-2}
Will    +....                   v - +1 pair of boots of the Sailor {Int+4}
Stlth   +.........              h - amulet of reflection
HPRegen 0.22/turn               e - ring of Agha {Ice rCorr Int-3 Slay+6}
MPRegen 0.11/turn               E - ring of protection from cold

@: flying, hasted, very quick
A: antennae 2, repulsion field 1, spiny 1
a: Renounce Religion, Curse Item


You were on level 9 of the Dungeon.
You worshipped Ashenzari.
Ashenzari was noncommittal.
You visited 2 branches of the dungeon, and saw 10 of its levels.
You also visited: Sewer.

You collected 2053 gold pieces.
You spent 322 gold pieces at shops.

Inventory:

Hand Weapons
 a - a +3 flail
 A - the +9 falchion of Expedience (weapon) {vorpal, rC+}
   (You found it on level 5 of the Dungeon)

   It inflicts extra damage upon your enemies.
   rC:        It protects you from cold.
Missiles
 b - 4 boomerangs
 d - 3 throwing nets
 j - 35 poisoned darts (quivered)
 l - 2 silver boomerangs
 u - 244 stones
 B - a curare-tipped dart
Armour
 o - a +2 ring mail of willpower (worn)
 s - a +2 cloak (worn)
 v - the +1 pair of boots of the Sailor (worn) {Int+4}
   (You bought it in a shop on level 3 of the Dungeon)

   Int:       It affects your intelligence (+4).
 G - the +3 pair of gloves of Soafokk (worn) {Contam Fly rPois Dex-2}
   (You acquired it on level 6 of the Dungeon)

   Dex:       It affects your dexterity (-2).
   rPois:     It protects you from poison.
   Fly:       It grants you flight.
   Contam:    It causes magical contamination when unequipped.
 J - the +0 chain mail "Laugoad" {Str+4}
   (You found it on level 7 of the Dungeon)

   Str:       It affects your strength (+4).
Jewellery
 e - the ring of Agha (left hand) {Ice rCorr Int-3 Slay+6}
   (You acquired it on level 1 of the Dungeon)

   [ring of ice]

   It enhances your ice magic.
   Int:       It affects your intelligence (-3).
   Slay:      It affects your accuracy & damage with ranged weapons and melee
   (+6).
   rF:        It makes you vulnerable to fire.
   rC:        It protects you from cold.
   rCorr:     It protects you from acid and corrosion.
 g - a ring of poison resistance
 h - an amulet of reflection (around neck)
 i - a ring of resist corrosion
 E - a ring of protection from cold (right hand)
 L - a ring of positive energy
Wands
 x - a wand of iceblast (8)
Scrolls
 m - 4 scrolls of teleportation
 n - 2 scrolls of magic mapping
 w - a scroll of fog
 y - 3 scrolls of immolation {unknown}
 z - 3 scrolls of noise {unknown}
 D - a scroll of holy word {unknown}
 H - a scroll of enchant weapon
 M - a scroll of identify
Potions
 c - 3 potions of curing
 f - a potion of haste
 k - a potion of resistance {unknown}
 p - 2 potions of magic
 q - 3 potions of might
 r - 3 potions of brilliance
 t - 2 potions of invisibility
 C - 2 potions of attraction {unknown}
 I - a potion of mutation {unknown}


   Skills:
 * Level 8.5 Fighting
 * Level 5.8 Long Blades
 - Level 5.3 Maces & Flails
 - Level 2.0 Throwing
 + Level 4.9 Armour
 - Level 3.0 Dodging


You had 6 spell levels left.
You knew the following spells:

 Your Spells              Type           Power      Damage    Failure   Level
a - Summon Small Mammal   Summ           0%         N/A       52%         1
b - Slow                  Hex            0%         N/A       52%         1

Your spell library contained the following spells:

 Spells                   Type           Power      Damage    Failure   Level
 Call Canine Familiar     Summ           0%         N/A       88%         3
 Confusing Touch          Hex            0%         N/A       88%         3
 Summon Guardian Golem    Hex/Summ       0%         N/A       88%         3
 Vampiric Draining        Necr           0%         2d6       88%         3


Dungeon Overview and Level Annotations

Branches:
Dungeon (9/15)             Temple (1/1) D:7            Lair (0/6) D:8
  Sewer (visited)
    Orc: D:9-12

Altars:
Ashenzari
Cheibriados
Dithmenos
Elyvilon
Fedhas
Gozag
Makhleb
Nemelex Xobeh
Okawaru
Qazlal
Ru
Sif Muna
Trog
Uskayaw
Vehumet
Wu Jian
Xom
Yredelemnul
Zin
The Shining One

Shops:
D:3 [

Annotations:
D:4 3 runed translucent doors, Woods's ghost, novice GnTm


Innate Abilities, Weirdness & Mutations

You have a pair of antennae on your head.
You are surrounded by a mild repulsion field. (EV +2)
You are partially covered in sharp spines.


Message History

Maurice picks up some gold.
Maurice hits you with a +0 short sword.
Maurice steals your amulet of magic regeneration!
Maurice puts on an amulet of magic regeneration.
You slash Maurice!
Maurice is moderately wounded.
Maurice hits you but does no damage.
You closely miss Maurice.
Maurice is moderately wounded.
The vampire casts a spell.
The vampire flickers and vanishes!
Deactivating autopickup; reactivate with Ctrl-A.
Maurice hits you with a +0 short sword.
Maurice steals your 2 scrolls labelled QEASCHI XACKIGAE!
You slash Maurice!
Maurice is heavily wounded.
Maurice is struck by your spines. Maurice hits you but does no damage.
You slice Maurice!!
You kill Maurice!
You slice something!! Something hits you but does no damage.
Something bites you but does no damage.
You hit something. Something hits you. Something bites you.
Something draws strength from your injuries!
You closely miss something. Something draws life force from you!!
Something hits you but does no damage. Something bites you!
Something draws strength from your injuries!
You slash something!
You hear some strange, mumbled words.
Something tries to affect you, but you resist.
You miss something. Something draws life force from you!
You miss something. Your punch misses something. Something hits you!
* * * LOW HITPOINT WARNING * * *
Something bites you!
* * * LOW HITPOINT WARNING * * *
Something draws strength from your injuries!
You feel better. Something hits you!
* * * LOW HITPOINT WARNING * * *
Something barely misses you.
You feel yourself speed up. Something hits you!
You die...

..# #..# #..
#### #...
###...
#...##...####
#....)....#
#####.#{<##
#..^...@..#
#.........#
#.......).#
###########


There were no monsters in sight!

Vanquished Creatures
  Maurice (D:9)
  Joseph (D:8)
  A steam dragon (D:8)
  A water moccasin (D:7)
  2 orc warriors
  A sky beast (D:6)
  A necrophage (D:7)
  A phantom (D:5)
  2 kobold brigands
  A gnoll sergeant (D:6)
  2 scorpions
  2 water moccasin zombies
  2 water moccasin skeletons
  3 wights (D:8)
  3 howler monkeys
  2 centaur zombies
  2 orc priests (D:5)
  A bullfrog skeleton (D:6)
  2 hounds (D:5)
  A jelly (D:6)
  A centaur skeleton (D:7)
  Terence (D:2)
  An iguana (D:4)
  Natasha (thrice) (D:2)
  3 orc wizards
  2 hound skeletons
  A howler monkey zombie (D:4)
  4 gnolls (D:6)
  10 adders
  A white imp (D:5)
  2 adder skeletons (D:4)
  3 worms
  2 dart slugs
  20 orcs
  8 ball pythons
  6 endoplasms
  5 giant cockroaches
  5 goblins
  8 hobgoblins
  24 kobolds
  3 quokkas
  7 bats
  4 frilled lizards
  A jackal skeleton (D:4)
  4 rats
161 creatures vanquished.

Vanquished Creatures (others)
  A plant (Sewer)
1 creature vanquished.

Grand Total: 162 creatures vanquished

Notes
Turn   | Place    | Note
-------+----------+-------------------------------------------
     0 | D:1      | firemarshallily the Demonspawn Gladiator began the quest
                  | for the Orb.
     0 | D:1      | Reached XP level 1. HP: 16/16 MP: 1/1
   238 | D:1      | Identified a scroll of acquirement
   238 | D:1      | Acquired the ring of Agha {Ice rCorr Int-3 Slay+6}
   304 | D:1      | Gained mutation: You are partially covered in sharp spines.
                  | [demonic ancestry]
   304 | D:1      | Reached XP level 2. HP: 22/22 MP: 2/2
   448 | D:1      | Acquired 538 gold pieces
  1026 | D:2      | Reached XP level 3. HP: 28/28 MP: 3/3
  1040 | D:2      | Noticed Terence
  1046 | D:2      | Killed Terence
  1047 | D:2      | Reached skill level 3 in Fighting
  1047 | D:2      | Reached XP level 4. HP: 14/35 MP: 4/4
  1269 | D:2      | Noticed Natasha
  1274 | D:2      | Killed Natasha
  1516 | D:2      | Noticed Natasha
  1521 | D:2      | Killed Natasha
  1544 | D:2      | Noticed Natasha
  1547 | D:2      | Killed Natasha
  1548 | D:2      | Gained mutation: You are surrounded by a mild repulsion
                  | field. (EV +2) [demonic ancestry]
  1548 | D:2      | Reached XP level 5. HP: 34/42 MP: 5/5
  1715 | D:3      | Found a glowing drain.
  1724 | D:3      | Reached skill level 1 in Armour
  1749 | Sewer    | Entered a sewer
  2063 | D:3      | Found a faded altar of an unknown god.
  2117 | D:3      | Found a shimmering altar of Xom.
  2254 | D:3      | Reached skill level 4 in Fighting
  2445 | D:3      | Found Lenlafeduom's Antique Armour Shoppe.
  2449 | D:3      | Bought an embroidered cloak for 142 gold pieces
  2449 | D:3      | Bought a pair of translucent boots for 180 gold pieces
  2449 | D:3      | Identified the +1 pair of boots of the Sailor {Int+4} (You
                  | bought it in a shop on level 3 of the Dungeon)
  2970 | D:4      | Found a runed translucent gate.
  2970 | D:4      | Noticed Woods's ghost (novice GnTm)
  2971 | D:4      | Found a runed translucent gate.
  2971 | D:4      | Found a runed translucent gate.
  3141 | D:4      | Reached XP level 6. HP: 48/48 MP: 6/6
  3429 | D:5      | Entered Level 5 of the Dungeon
  3477 | D:5      | Reached skill level 5 in Fighting
  3477 | D:5      | Reached skill level 5 in Maces & Flails
  3575 | D:5      | Gained mutation: You have a pair of small antennae on your
                  | head. [demonic ancestry]
  3575 | D:5      | Reached XP level 7. HP: 53/56 MP: 7/7
  3792 | D:5      | Identified the +9 falchion of Expedience {vorpal, rC+}
  4068 | D:6      | Reached skill level 1 in Long Blades
  4251 | D:6      | Acquired the +3 pair of gloves of Soafokk {Contam Fly rPois
                  | Dex-2}
  4267 | D:6      | Reached skill level 6 in Fighting
  4436 | D:6      | Reached XP level 8. HP: 64/64 MP: 8/8
  4774 | D:7      | Noticed a two-headed ogre
  4802 | D:7      | Found a staircase to the Ecumenical Temple.
  4817 | Temple   | Entered the Ecumenical Temple
  4928 | Temple   | Became a worshipper of Ashenzari the Shackled
  5264 | D:7      | Identified the +0 chain mail "Laugoad" {Str+4}
  5268 | D:7      | Reached skill level 7 in Fighting
  5520 | D:7      | Acquired 1097 gold pieces
  5853 | D:8      | Noticed Joseph
  5860 | D:8      | Killed Joseph
  5861 | D:8      | Reached skill level 5 in Long Blades
  5861 | D:8      | Gained mutation: You have a pair of antennae on your head.
                  | [demonic ancestry]
  5861 | D:8      | Reached XP level 9. HP: 27/74 MP: 9/9
  6087 | D:8      | Reached skill level 8 in Fighting
  6443 | D:8      | Found a staircase to the Lair.
  6447 | D:8      | Learned a level 1 spell: Summon Small Mammal
  6449 | D:8      | Learned a level 1 spell: Slow
  6833 | D:9      | Noticed Maurice
  6839 | D:9      | Killed Maurice
  6848 | D:9      | Slain by a vampire

Illustrated notes

Levels and vault maps discovered:
D:1:      ncdulo_lavacross, layout_loops_ring
D:2:      layout_loops_ring, minmay_hedge_maze, minmay_misc_feat_cross,
          uniq_terence, uniq_natasha
D:3:      layout_basic, mainiacjoe_overflow_brackets, lemuel_doored_altar,
          dreamdust_ecumenical_altar_statues, serial_shops, shop_fountains,
          cheibrodos_sewer_entry_sluice
D:4:      layout_basic, gammafunk_ghost_split, kennysheep_generic_room_10
D:5:      layout_rooms
D:6:      layout_loops_ring
D:7:      layout_rooms, minmay_temple_entry_ruins
D:8:      layout_layer_cave, lair_entry_dummy, uniq_joseph
D:9:      layout_rooms, gammafunk_ghost_berserking_beasts,
          david_defended_altar_orc, uniq_grum, uniq_maurice, uniq_erica
Temple:   regret_index_temple_chain_breaker

Skill      XL: |  1  2  3  4  5  6  7  8  9 |
---------------+----------------------------+-----
Throwing       | 2 |  2.0
Maces & Flails | 3 4 5 |  5.3
Dodging        | 3 |  3.0
Fighting       | 3 4 5 6 7 8 |  8.5
Armour         | 1 2 3 4 |  4.9
Long Blades    | 2 5 |  5.8

Action                   |  1- 3 |  4- 6 |  7- 9 || total
-------------------------+-------+-------+-------++-------
Melee: Flail             |    45 |   137 |    18 ||   200
       Punch             |       |     2 |     1 ||     3
       Falchion          |       |       |   119 ||   119
Throw: Dart              |       |     1 |       ||     1
  Use: Scroll            |     5 |     8 |     5 ||    18
       Potion            |       |       |     3 ||     3
 Stab: Sleeping          |     2 |     1 |     1 ||     4
Armor: Leather armour    |     8 |    27 |    21 ||    56
       Ring mail         |       |       |    22 ||    22
Dodge: Dodged            |    19 |    55 |    60 ||   134
Block: Other             |     4 |    34 |    24 ||    62
       Reflection        |       |     2 |       ||     2
